[Event "*** Titled Tuesday Blitz"]
[Site "Chess.com"]
[Date "2019.11.05"]
[Round "2"]
[White "zim0ne"]
[Black "Philosopherrr"]
[Result "1-0"]
[WhiteElo "2621"]
[BlackElo "2339"]
[TimeControl "180+2"]
[EndTime "13:27:02 PST"]
[Termination "zim0ne won on time"]

1. Nf3 Nf6 2. c4 g6 3. g3 Bg7 4. Bg2 O-O 5. O-O d5 6. cxd5 Nxd5 7. Nc3 Nb6 8. d4 Nc6 9. d5 Na5 10. e4 Bd7 11. Bf4 c6 12. Qe2 Re8 13. Rfd1 cxd5 14. Nxd5 Nxd5 15. exd5 Rc8 16. Rac1 Rxc1 17. Rxc1 Bg4 18. h3 Bxf3 19. Bxf3 e5 20. dxe6 Rxe6 21.
Qb5 a6 22. Qb4 Bf8 23. Qc3 Nc6 24. Rd1 Qb6 25. Rd7 Re7 26. Bc7 Qb5 27. Rd5 Bg7 28. Rxb5 Bxc3 29. Rxb7 Nd4 30. Bd5 Bxb2 31. Rb8+ Kg7 32.
Bd8 Rd7 33. Bc4 Nf3+ 34. Kg2 Be5 35. Ra8 Ne1+ 36. Kf1 Nc2 37. Bxa6 Nb4 38. Bb5 Rd2 39. Ra4 Nxa2 40. Ba5 Nc3 41. Ra1 Bd4 42. Bxc3 Rxf2+ 43. Kg1 Bxc3 44. Rd1 Rb2 45. Bc4 Rb4 46. Bd5 Bd4+ 47. Kg2 h5 48. g4 h4 49. Kf3 f6 50. Rc1 Be5 51. Rc8 Kh6 52. Rg8 Kg5 53. Bf7 Rf4+ 54. Ke2 Re4+ 55. Kd3 Ra4 56. Bxg6 Kf4 57. Bf5 Ra3+ 58.
Kc4 Rc3+ 59. Kd5 Rxh3 60. Ke6 Re3 61. Rc8 h3 62. Rh8 Bc3+ 63. Kf7 Kg3 64. g5 h2 65. g6 Re5 66. g7 Rxf5 67. g8=Q+ Rg5 68. Qb8+ Be5 69. Qb3+ Kg2 70. Qc2+ Kg1 71. Qd1+ Kg2 72. Qe2+ Kg1 73. Rd8 1-0

[Event "*** Titled Tuesday Blitz"]
[Site "Chess.com"]
[Date "2019.11.05"]
[Round "2"]
[White "Heineccius"]
[Black "platy3"]
[Result "0-1"]
[WhiteElo "2603"]
[BlackElo "2904"]
[TimeControl "180+2"]
[EndTime "13:27:05 PST"]
[Termination "platy3 won by resignation"]

1. d4 Nf6 2. c4 e6 3. Nc3 Bb4 4. g3 O-O 5. Bg2 d5 6. Nf3 b6 7. O-O Bb7 8. Qb3 a5 9. a3 Bxc3 10.
Qxc3 dxc4 11. Qxc4 Bd5 12. Qc2 Be4 13. Qc3 Nbd7 14. Bf4 Nd5 15. Qd2 Nxf4 16. Qxf4 Nf6 17. Rac1 Rc8 18. Rfd1 Qd6 19. Ne5 Bxg2 20. Kxg2 Rfd8 21.
Nc6 Qxf4 22. gxf4 Rd7 23. Rc2 Nd5 24. e3 f6 25. Rdc1 Kf7 26. Kf3 Ke8 27. Na7 Ra8 28. Nb5 Rc8 29. e4 Ne7 30. Nxc7+ Kf7 31. Nb5 Rxc2 32. Rxc2 h6 33. Ke3 f5 34. f3 Ke8 35. b4 axb4 36. axb4 Kd8 37. Ra2 Nc6 38.
Ra8+ Ke7 39. e5 Nxb4 40. Nd6 Nd5+ 41. Kd2 Rd8 42. Ra7+ Kf8 43. Kd3 Nxf4+ 44. Kc4 Nd5 45. Kb5 Kg8 46. Kc6 Rf8 47. Kd7 Nf4 48. Rb7 g5 49.
Rxb6 g4 50. fxg4 fxg4 51. Rb3 Kg7 52. Ne8+ Kg6 53. Nf6 h5 54. Ke7 Rf7+ 55. Ke8 Ra7 56. Kf8 Ra4 57. d5 exd5 58. Rb6 Kf5 59. Nd7 h4 60.
Rf6+ Kg5 61. e6 Ra6 62. Kf7 Rxe6 63. Rxe6 Nxe6 64. Kxe6 Kf4 65. Nf6 d4 66. Nd5+ Kf3 67. Ke5 d3 68. Kd4 g3 69. hxg3 hxg3 70. Ne3 d2 71.
Kd3 g2 0-1

[Event "*** Titled Tuesday Blitz"]
[Site "Chess.com"]
[Date "2019.11.05"]
[Round "2"]
[White "ahkashefi2800"]
[Black "Oligan22"]
[Result "0-1"]
[WhiteElo "2192"]
[BlackElo "2469"]
[TimeControl "180+2"]
[EndTime "13:27:05 PST"]
[Termination "Oligan22 won on time"]

1. d4 d5 2. Nf3 Nf6 3. Bf4 c5 4. c3 e6 5. e3 Nc6 6. Nbd2 Be7 7. Bd3 b6 8. O-O Bb7 9. Ne5 Nxe5 10. Bxe5 O-O 11. Qf3 Nd7 12. Bf4 f5 13. Rad1 g5 14.
Bg3 cxd4 15. exd4 f4 16. Qg4 Rf7 17. Qxe6 Nf8 18. Qh3 Bc8 19. Qh5 Be6 20. Rde1 Qd7 21. h3 fxg3 22. fxg3 Bf6 23. Kh2 Re8 24. Nf3 Qd8 25.
Ne5 Bxe5 26. Rxe5 Rg7 27. Rxf8+ Kxf8 28. Bxh7 Qf6 29. Bd3 Ke7 30. c4 Qf7 31. cxd5 Qxh5 32. Rxe6+ Kf7 33. Rd6 g4 34. h4 Kf8 35. Bc4 Rg6 36. Rd7 Qf5 37. Rxa7 Qf2 38. d6 Qxd4 39. Rf7+ Kg8 40. Rf4+ Qxc4 41. Rxc4 Rxd6 42. Rxg4+ Kh7 43. a4 Re2 44. b4 Rdd2 45. Kh3 Rxg2 46. Rg5 Rh2+ 47.
Kg4 Rd4+ 48. Kh5 Rxb4 49. Rd5 Kg7 50. g4 Rg2 51. Rd7+ Kf6 52. Rd6+ Ke5 53. Rg6 Rxa4 54. g5 Rgg4 55. Rxb6 Rxh4+ 56. Kg6 Rag4 57. Rb5+ Kd6 58. Kg7 Rh5 59. Kf6 Rg1 60. Ra5 Rh2 61. Ra6+ Kd7 62. g6 Rf2+ 63. Kg7 Rfg2 64. Kf7 Rg3 65. Ra7+ Kd6 66.
Ra6+ Ke5 67. Re6+ Kd5 68. Rf6 Ra1 69. Rf5+ Ke4 70. Rf6 Ra7+ 71. Kg8 Ke5 72. Rc6 Kf5 73. Rc5+ Kxg6 74. Kh8 Ra8+ 0-1

[Event "*** Titled Tuesday Blitz"]
[Site "Chess.com"]
[Date "2019.11.05"]
[Round "2"]
[White "cherryandmint"]
[Black "Olga_Ustinova"]
[Result "1-0"]
[WhiteElo "2836"]
[BlackElo "2387"]
[TimeControl "180+2"]
[EndTime "13:27:12 PST"]
[Termination "cherryandmint won on time"]

1. e4 d5 2. exd5 Qxd5 3. Nc3 Qa5 4. d4 Nf6 5. Nf3 Bg4 6. Bd2 Nc6 7. Be2 O-O-O 8.
Nb5 Qb6 9. c3 Bxf3 10. gxf3 e5 11. dxe5 Nxe5 12. Qa4 a6 13. Be3 Bc5 14. Bxc5 Qxc5 15.
Nd4 Rhe8 16. O-O-O Ng6 17. Bc4 Ne5 18. Bb3 Kb8 19.
Rhe1 Nd3+ 20. Rxd3 Rxe1+ 21. Kc2 Rde8 22. Bxf7 R8e2+ 23. Nxe2 Rxe2+ 24. Kb3 Qxf2 25. Rd8+ Ka7 26. Qd4+ Qxd4 27.
Rxd4 Rxh2 28. Rc4 c6 29. Be6 h5 30. a4 h4 31. a5 g5 32. Rb4 Ne8 33. Rd4 Rf2 34. Bc8 Nc7 35. Bg4 Nd5 36. Re4 Nf4 37. Re7 h3 38. Bc8 Kb8 39. Re8 Kc7 40. Bg4 h2 41. Rh8 Nd3 42. Kc4 Ne5+ 43. Kc5 Nxg4 44. fxg4 Rxb2 45. Rh7+ Kd8 46. Kd6 Ke8 47. Ke6 Kf8 48.
Kf6 Kg8 49. Rh5 Ra2 50. Rxg5+ Kf8 51. Rh5 Ke8 52. g5 Rf2+ 53. Kg7 Ke7 54. g6 Ke6 55.
Kg8 Rg2 56. g7 Kf6 57. Rh6+ Rg6 58. Rxg6+ Kxg6 59. Kf8 h1=Q 60. g8=Q+ Kf6 61. Qf7+ Ke5 62. Qxb7 Qf3+ 63. Ke8 Kd5 64. Qb3+ Kd6 65. Qb4+ c5 66. Qb8+ Ke6 67. Qc8+ Kd6 68. Qxa6+ Qc6+ 69. Qxc6+ Kxc6 70. c4 Kd6 71. Kd8 Kc6 72. Ke7 Kb7 73. Kd6 Ka6 74.
Kxc5 Kxa5 75. Kc6 1-0

[Event "*** Titled Tuesday Blitz"]
[Site "Chess.com"]
[Date "2019.11.05"]
[Round "2"]
[White "r31415"]
[Black "chanchakman"]
[Result "1/2-1/2"]
[WhiteElo "2435"]
[BlackElo "2163"]
[TimeControl "180+2"]
[EndTime "13:27:15 PST"]
[Termination "Game drawn by agreement"]

1. Nf3 Nf6 2. c4 g6 3. g3 Bg7 4. Bg2 O-O 5. O-O d6 6. b3 Ne4 7. d4 c5 8. Bb2 Nc6 9. Nbd2 Nxd2 10.
Qxd2 cxd4 11. Nxd4 Nxd4 12. Bxd4 Bxd4 13. Qxd4 Qa5 14.
f4 Qc5 15. Qxc5 dxc5 16. Rad1 Rb8 17. Rd2 Be6 18. Rfd1 b5 19. cxb5 Rxb5 20. Rc1 a5 21.
Rdc2 Rc8 22. Bf1 Rb4 23. Rxc5 Rxc5 24. Rxc5 a4 25. Kf2 axb3 26. axb3 Rxb3 27. Rc7 Kf8 28. Bg2 h5 29. Be4 Rb4 30. Bf3 Rb2 31. Ra7 Bc4 32. Ke3 Be6 33. Kd4 Rd2+ 34. Kc3 Rd7 35. Ra5 Rc7+ 36.
Kd4 Rd7+ 37. Kc3 Rc7+ 38. Kd3 Rd7+ 39. Ke3 Rc7 40. Kd2 Rd7+ 41. Ke1 Rc7 42. Kf2 Rc3 43. Ra7 Rb3 44. Be4 Rb4 45. Bd3 Rd4 46. Ke3 Rd7 47. Ra5 Rd5 48. Ra7 Rd7 49. Ra5 Rd5 50.
Ra1 Kg7 51. Ra6 Bf5 52. Bc4 Rc5 53. Bd3 Rc3 54. Ra5 Bxd3 55. exd3 Rc6 56. h3 Rc1 57. h4 Rg1 58. Kf3 Rd1 59. Rd5 e6 60. Rd8 Kf6 61.
Ke2 Rg1 62. Kf2 Rd1 63. Ke3 Rg1 64. Kf3 Rf1+ 65. Ke3 Re1+ 66. Kf2 Rd1 67. Rd4 Rd2+ 68. Ke3 Rg2 69. Kf3 Rg1 70. Rd7 Rd1 71. d4 Rd3+ 72.
Kf2 Rd2+ 73. Ke3 Rd1 74. Kf3 Rd3+ 75. Kf2 Rd2+ 76. Ke3 Rd1 77. Rd8 Re1+ 78. Kf2 Rd1 79. Kf3 Rd3+ 80. Kf2 Rd2+ 81. Ke3 Rd1 82. Rd7 1/2-1/2

[Event "*** Titled Tuesday Blitz"]
[Site "Chess.com"]
[Date "2019.11.05"]
[Round "2"]
[White "Witik"]
[Black "kuli4ik"]
[Result "0-1"]
[WhiteElo "2569"]
[BlackElo "2829"]
[TimeControl "180+2"]
[EndTime "13:27:42 PST"]
[Termination "kuli4ik won by resignation"]

1. d4 g6 2. e4 Bg7 3. Nc3 a6 4.
f4 b5 5. Nf3 Bb7 6. Bd3 d6 7.
Be3 Nd7 8. e5 e6 9. Be4 Bxe4 10.
Nxe4 Nb6 11. Qe2 Ne7 12. O-O-O Ned5 13. Kb1 Qd7 14. Bc1 Qc6 15. h4 h5 16. Nfg5 Qd7 17. Rh3 Ne7 18. g4 hxg4 19. Qxg4 Nf5 20. h5 gxh5 21. Rxh5 O-O-O 22. Rxh8 Rxh8 23. Qg2 Kb8 24. Ng3 Nxg3 25. Qxg3 Nd5 26. Ne4 Bf8 27. Qb3 Qc6 28. a4 Nb6 29. Ng5 bxa4 30. Qd3 Rh2 31. Nxf7 Be7 32.
f5 exf5 33. d5 Qc4 34. e6 Qxd3 35. Rxd3 Rh1 36. c3 f4 37. Kc2 Rh5 38. c4 Nxc4 39.
Bxf4 Nb6 40. Rg3 Nxd5 41. Rg8+ Kb7 42. Bd2 Rh2 43. Kd3 Rh3+ 44. Kc4 Kc6 45. Rg4 Rh2 46. Kd3 Rh3+ 47. Kc2 Kb5 48. Bg5 c6 49. Bxe7 Ne3+ 50. Kd3 Nxg4+ 51. Ke4 Re3+ 52. Kf4 Rxe6 53. Nxd6+ Rxd6 54. Bxd6 Nf6 55. Ke5 Nd5 56. Kd4 Nb6 57. Kc3 c5 58.
Bf8 Nd5+ 59. Kc2 Kc4 60. Bd6 Nb4+ 61. Kb1 Nc6 62. Kc2 Nd4+ 63. Kb1 Nf5 64. Bf8 Ne3 65.
Ka2 Kb4 66. Be7 Nf5 67. Bf8 Nd4 68. Bg7 Nb5 69. Bf8 Kc4 70. Be7 Kd4 71. Bf6+ Kd3 72. Be7 c4 73. Bf6 Kc2 74. Bg7 a5 75. Be5 a3 76. bxa3 a4 77. Bf6 c3 78. Be5 Kd1 79. Bf4 Nd4 80. Be3 Nb3 81. Bf4 Na5 82. Bg5 Nc4 83.
Bf4 c2 84. Bg5 Nd2 0-1

[Event "*** Titled Tuesday Blitz"]
[Site "Chess.com"]
[Date "2019.11.05"]
[Round "2"]
[White "cukus"]
[Black "ferdipy"]
[Result "1/2-1/2"]
[WhiteElo "2475"]
[BlackElo "2208"]
[TimeControl "180+2"]
[EndTime "13:28:04 PST"]
[Termination "Game drawn - insufficient material"]

1. e4 e6 2. d4 d5 3. Nc3 Bb4 4. e5 c5 5. a3 Bxc3+ 6. bxc3 Ne7 7. Qg4 Qc7 8. Bd3 O-O 9. Bd2 f5 10. exf6 Rxf6 11. Bg5 Rf8 12. Qh4 Nf5 13. Bxf5 exf5 14. Ne2 Nc6 15. O-O b6 16. Bf4 Qf7 17. Rfe1 Re8 18.
Ng3 Ba6 19. Be5 Nxe5 20. dxe5 f4 21. Nh5 f3 22. Qg4 Kh8 23. Qxf3 Qxf3 24. gxf3 Rf8 25.
f4 Rf5 26. Ng3 Rxf4 27. e6 Re8 28. Re5 Bc4 29. e7 g6 30. Rae1 Kg7 31. Nf1 Kf6 32. Re6+ Kf7 33. Nd2 Rf6 34. R6e5 Rd6 35. Nf3 h6 36.
R5e3 Kf6 37. Ne5 Kg7 38. Nf3 Rd7 39. Nd2 Kf7 40. Rf3+ Kg7 41. Rfe3 Kf7 42. Nf3 Rdxe7 43. Ne5+ Kf6 44. f4 h5 45. Rg3 Rg8 46. Rg5 Ba2 47.
h4 d4 48. cxd4 cxd4 49. Rd1 Rc7 50. Rxd4 Be6 51. Rd2 Bf5 52. c4 Rcc8 53. Kf2 Rcd8 54. Ke3 Rxd2 55. Kxd2 Rd8+ 56. Kc3 Rd1 57. Nc6 Rf1 58.
Nxa7 Rxf4 59. a4 Rxh4 60. Rg1 Rh3+ 61. Kb4 g5 62. a5 bxa5+ 63. Kxa5 g4 64. c5 g3 65. c6 h4 66. c7 Rh2 67. Nc6 Rc2 68.
Kb6 Bd7 69. Nd4 Rb2+ 70. Kc5 Kg5 71. Kd6 Bc8 72. Ne6+ Kg4 73. Nd4 h3 74. Nc6 h2 75.
Ne5+ Kf5 76. Rf1+ Ke4 77. Ng4 g2 78. Re1+ Kf3 79. Nxh2+ Kg3 80. Re8 Kxh2 81. Rxc8 Rd2+ 82. Kc6 Rc2+ 83. Kd7 Rxc7+ 84. Kxc7 g1=Q 85. Rh8+ Kg3 86. Rg8+ Kf2 87. Rxg1 Kxg1 1/2-1/2

[Event "*** Titled Tuesday Blitz"]
[Site "Chess.com"]
[Date "2019.11.05"]
[Round "2"]
[White "IgorBjelobrk"]
[Black "anon102030"]
[Result "1-0"]
[WhiteElo "2569"]
[BlackElo "2792"]
[TimeControl "180+2"]
[EndTime "13:29:03 PST"]
[Termination "IgorBjelobrk won on time"]

1. d4 Nf6 2. c4 e5 3. dxe5 Ng4 4. Bf4 Nc6 5. e3 Ngxe5 6. Nf3 Bb4+ 7. Nbd2 Nxf3+ 8.
gxf3 Qf6 9. a3 Bxd2+ 10. Qxd2 d6 11. Be2 Bh3 12. Rg1 h6 13. O-O-O O-O-O 14. Rg3 Be6 15.
e4 Ne5 16. b3 Ng6 17. Be3 Qa1+ 18. Kc2 Qa2+ 19. Kc3 Qxa3 20. Qd4 a5 21. Qa7 Qb4+ 22.
Kc2 Kd7 23. Bd2 Qb6 24. Qxb6 cxb6 25. f4 Nh4 26. f5 Nxf5 27. exf5 Bxf5+ 28. Bd3 Bxd3+ 29. Kxd3 g6 30. Be3 Kc6 31. Rg4 d5 32. Kc2 b5 33.
cxd5+ Rxd5 34. Rxd5 Kxd5 35. Rd4+ Kc6 36. Re4 Kd6 37.
Bf4+ Kd7 38. Re5 g5 39. Bd2 a4 40. Rxb5 axb3+ 41. Kxb3 Kc6 42. Rf5 Rd8 43. Bc3 Rd3 44.
Rxf7 Rh3 45. Rf6+ Kc5 46. Kc2 Rxh2 47. Kd2 b5 48. Be5 Rh3 49. Bg3 b4 50. Kd3 Rh1 51.
Rf5+ Kc6 52. Kc4 Kd7 53. Kxb4 Ke6 54. Rf8 Ke7 55. Rh8 h5 56. Kc4 h4 57. Be5 Ke6 58. Bd4 g4 59. Kd3 Kf5 60. Rf8+ Kg6 61. Ke4 h3 62. Be5 Rf1 63. Ke3 Re1+ 64. Kd4 Rg1 65.
Rh8 Kf5 66. Bg3 Rd1+ 67. Ke3 Re1+ 68. Kd2 Rb1 69. Rh5+ Kg6 70. Rh4 Kg5 71. Rh8 Rb2+ 72. Ke3 Rb3+ 73. Ke4 Rb4+ 74. Ke5 Rb5+ 75. Ke6 Rb6+ 76.
Bd6 Ra6 77. Rg8+ Kh6 78. Rxg4 Kh5 79. Rg8 Ra2 80. Rh8+ Kg4 81. Bg3 Ra6+ 82. Kd5 Ra5+ 83. Kc6 Ra6+ 84. Kb5 Ra2 85. Rh4+ Kf3 86. Rxh3 Kg4 87.
Rh4+ Kg5 88. Rc4 Kf5 89. Kc5 Ke6 90. Kd4 Rd2+ 91. Ke3 Ra2 92. Rc3 Ra6 93. Kf3 Kf5 94. Re3 Ra4 95. Re5+ Kf6 96. Kg2 Ra3 97. Re3 Ra2 98.
Be5+ Kf5 99. Kg3 Rc2 100. f4 Rc1 101. Kf3 Rf1+ 102. Ke2 Rb1 103. Rg3 Ke4 104. Kf2 Rc1 105. Kg2 Kf5 106. Re3 Kg4 107. Bd6 Rc2+ 108. Kf1 Rc1+ 109. Ke2 Rc2+ 110. Kd3 Rc1 111. Ke4 Rc4+ 112. Kd5 Ra4 113. Ke6 Ra5 114. f5 Kg5 115. f6 Ra2 116. f7 Rf2 117. f8=Q 1-0

[Event "*** Titled Tuesday Blitz"]
[Site "Chess.com"]
[Date "2019.11.05"]
[Round "2"]
[White "2nd_life"]
[Black "albano87"]
[Result "0-1"]
[WhiteElo "2392"]
[BlackElo "1993"]
[TimeControl "180+2"]
[EndTime "13:29:15 PST"]
[Termination "albano87 won by resignation"]

1. e4 c5 2. Nf3 Nc6 3. Bb5 d6 4. O-O Bd7 5. Re1 Nf6 6. h3 a6 7. Bf1 g6 8. c3 Bg7 9. d4 cxd4 10. cxd4 d5 11. e5 Ne4 12. Nbd2 Bf5 13. g4 Nxd2 14. Bxd2 Be4 15. Bc3 Bxf3 16. Qxf3 O-O 17. Bg2 e6 18. Qd3 b5 19. Bd2 Rc8 20. Rec1 Qb6 21. Be3 Nb4 22.
Qd2 a5 23. Rxc8 Rxc8 24. Rc1 Qb7 25. Bf1 Rxc1 26. Qxc1 Bf8 27. a3 Nc6 28. Qc2 b4 29. Qa4 bxa3 30. bxa3 Qb6 31. Bb5 Na7 32. Bd3 Qb2 33. Qxa5 Qxa3 34. Qd2 Nc6 35. Bb5 Na5 36. Qe2 Nb3 37. Be8 Qa1+ 38. Kg2 Nxd4 39. Qd3 Bc5 40. h4 Kf8 41. Bd7 Qa7 42. Bc8 Nc6 43. Bh6+ Kg8 44. Qb5 Qb6 45. Qa4 Bxf2 46. Qa8 Nd8 47. Bd7 Bxh4 48. Kh3 Qf2 49. Bf4 g5 50. Qxd8+ Kg7 51.
Qf6+ Kf8 52. Bh2 Qe3+ 53. Kg2 Qe2+ 54. Kg1 Qe1+ 55. Qf1 Qe3+ 56. Kg2 Qd2+ 57. Kh1 Qe3 58. Bb5 Qe4+ 59. Qg2 Qb1+ 60. Bf1 d4 61. Qe2 Qb7+ 62. Kg1 Qb6 63. Qd3 Kg7 64. Be2 Be1 65. Kg2 Qb2 66. Bg1 Bc3 67. Bf2 Qc1 68. Qe4 Qd2 69. Bd3 Kf8 70.
Kg3 h6 71. Bxd4 Bxd4 72. Qxd4 Qe1+ 73. Kg2 Qd2+ 74. Kh3 Qe1 75. Qd8+ Kg7 76. Qf6+ Kg8 77. Bf1 Qe3+ 78. Kh2 Qe4 79. Bh3 Qe2+ 80. Kh1 Qe4+ 81. Kg1 Qe3+ 82. Kg2 Qe4+ 83. Kh2 Qe2+ 84. Kh1 Qe1+ 85.
Bf1 Qh4+ 86. Kg1 Qxg4+ 87. Bg2 Qf5 88. Qxf5 exf5 89. Bd5 Kf8 90. Kg2 Ke7 91. Kg3 f6 92.
e6 h5 93. Bc4 f4+ 94. Kf3 f5 95. Bb3 Kf6 96. Bc4 h4 97. Bb3 Ke7 98. Bc4 h3 99.
Bb3 Kd6 100. Bc4 g4+ 101. Kxf4 h2 102. Bd5 Kxd5 103. e7 h1=Q 104. e8=Q Qe4+ 105. Qxe4+ fxe4 106. Kxg4 Kd4 0-1

[Event "*** Titled Tuesday Blitz"]
[Site "Chess.com"]
[Date "2019.11.05"]
[Round "2"]
[White "Joshukid"]
[Black "StockholmMissile"]
[Result "1-0"]
[WhiteElo "2703"]
[BlackElo "2293"]
[TimeControl "180+2"]
[EndTime "13:29:24 PST"]
[Termination "Joshukid won by resignation"]

1. Nf3 d5 2. c4 d4 3. b4 Bg4 4.
Qb3 Bxf3 5. Qxf3 c6 6. e3 e5 7. c5 Nf6 8. Bc4 a5 9. Bb2 axb4 10. exd4 exd4 11. O-O Bxc5 12. Re1+ Be7 13. Qe2 c5 14. a3 Nc6 15. axb4 Rxa1 16. Bxa1 cxb4 17. Bb5 Nd5 18. Bxd4 O-O 19. Bb2 Bf6 20. Bxf6 Qxf6 21. Qc4 Qd6 22. d4 g6 23. g3 Nce7 24. Nd2 Rc8 25. Qb3 Rc3 26.
Qb1 Qb6 27. Ba4 Qxd4 28. Ne4 Rc7 29. Bb3 Kg7 30. Ng5 h6 31. Nf3 Qf6 32. Ne5 Nc3 33. Qd3 Nf5 34. Ng4 Qb6 35. Qd8 Rc6 36. Re8 Qxd8 37. Rxd8 Rd6 38. Rb8 Nd5 39. Rxb7 Nd4 40.
Bxd5 Rxd5 41. Rxb4 Ne6 42. Ne3 Ra5 43. Rb7 Ra1+ 44.
Kg2 Ra5 45. Nc4 Rc5 46. Nd6 g5 47. Rxf7+ Kg6 48. Re7 Nd4 49. Re4 Rd5 50. Nc4 Rd8 51.
h3 h5 52. Re5 Nc2 53. Re6+ Kf7 54. Rh6 h4 55. gxh4 gxh4 56. Rxh4 Nd4 57. Ne5+ Kf6 58.
Ng4+ Kg5 59. Rh7 Ne2 60. Rg7+ Kf5 61. Rf7+ Kg6 62. Re7 Nf4+ 63. Kg3 Nh5+ 64. Kh2 Rf8 65. Re6+ Kg5 66. Re5+ Kg6 67. Re3 Kg5 68. Re1 Kh4 69. Re4 Kg5 70. Ra4 Rf7 71. Ra5+ Kh4 72. Ra4 Kg5 73. Ra2 Rf8 74. Ne5 Rf5 75. Ng4 Rf8 76. Ne3 Nf4 77. Ra5+ Kg6 78. Ng2 Nh5 79. Ra6+ Kg7 80.
Ra7+ Kh6 81. Ra2 Kg7 82. Kg1 Rb8 83. Ne3 Nf4 84. h4 Ng6 85. Ng2 Rb4 86. h5 Nf4 87.
Nxf4 Rxf4 88. Ra5 Kh6 89. Kg2 Rg4+ 90. Kf3 Rh4 91. Kg3 Rb4 92. f3 Rc4 93. Re5 Rb4 94.
f4 Rb1 95. Kg4 Rg1+ 96. Kf5 Kxh5 97. Ke6+ Kh6 98. f5 Kg7 99. Ke7 Rf1 100. Ke6 Kf8 101. Ra5 Re1+ 102. Kf6 Re8 103. Ra7 Rb8 104. Ra6 Rc8 105. Kg6 Rb8 106. f6 Rc8 107. Ra7 Rb8 108. Rh7 Kg8 109. f7+ 1-0

[Event "*** Titled Tuesday Blitz"]
[Site "Chess.com"]
[Date "2019.11.05"]
[Round "2"]
[White "WPWPWP-2015"]
[Black "Siemba"]
[Result "1-0"]
[WhiteElo "2495"]
[BlackElo "2225"]
[TimeControl "180+2"]
[EndTime "13:29:38 PST"]
[Termination "WPWPWP-2015 won on time"]

1. e4 c5 2. Nc3 Nc6 3. Bb5 g6 4. f4 Bg7 5. Nf3 Nd4 6. Bc4 e6 7. O-O Ne7 8. e5 O-O 9. Nxd4 cxd4 10. Ne4 d5 11. exd6 Nf5 12. d3 Nxd6 13. Bb3 Nf5 14. Qe2 b6 15. Bd2 Bb7 16. a4 a5 17. Kh1 Rc8 18.
Rf3 Nh4 19. Rf2 Re8 20. Re1 h6 21. Qf1 Nf5 22. Rfe2 Qh4 23. Qf2 Qe7 24. Kg1 Red8 25. h3 Ne3 26. Bc1 Nf5 27. Kh2 Qc7 28. Kg1 Ba8 29. Ng3 Ne3 30. Ne4 Bd5 31. Bxd5 Rxd5 32.
Kh2 Nxc2 33. Rf1 Nb4 34. Qf3 Rdd8 35. Nf2 Qc6 36. Qg3 Qd6 37. Ng4 h5 38. Ne5 Rc2 39.
Rxc2 Nxc2 40. Qf3 Nb4 41. Qg3 Qd5 42. Re1 Rc8 43. Qf2 Rc2 44. Qg3 Rc8 45. Bd2 Rc2 46.
Bxb4 axb4 47. Qf3 Qxf3 48. Nxf3 Rxb2 49. Rc1 Bf6 50. Rc6 Ra2 51. Rxb6 Rxa4 52. Nd2 Ra3 53. Rxb4 Rxd3 54. Ne4 Kg7 55. Rb7 Re3 56. Nd6 Kg8 57.
Rb8+ Kh7 58. Rb7 d3 59. Rxf7+ Bg7 60. Rd7 d2 61. Nc4 Rc3 62. Nxd2 Kh6 63. Ne4 Rc4 64. Ng5 Rxf4 65. Nxe6 Be5 66. Nxf4 Bxf4+ 67. Kg1 Be5 68.
Kf2 Bg7 69. Kf3 Kh7 70. Rb7 Kh6 71. Kf4 Bf6 72. Rb6 Bd4 73. Rc6 Bb2 74. Ke4 Bg7 75.
Rc5 Bf6 76. Rb5 Bg7 77. Kf4 Bf6 78. Rb6 Bd4 79. Ra6 Bc3 80. g4 hxg4 81. Kxg4 Bd2 82.
Rc6 Be3 83. h4 Kh7 84. Rc7+ Kh6 85. Rd7 Bc1 86. Rd6 Kh7 87. Re6 Kg7 88. Rc6 Bd2 89. Kf3 Be1 90. Kg4 Bd2 91. Rd6 Bc1 92. Rd7+ Kh6 93.
Rd1 Be3 94. Kf3 Bc5 95. Rd5 Be7 96. Kg4 Bf6 97. Rd6 Kg7 98. Rc6 Bd4 99. Ra6 Be3 100. Re6 Bd2 101. Rc6 Be3 102. Rd6 Bc1 103. Re6 Bd2 104.
Re2 Bc1 105. Rg2 Be3 106. Kf3 Bc1 107. h5 g5 108. Kg4 Bf4 109. Rc2 1-0

[Event "*** Titled Tuesday Blitz"]
[Site "Chess.com"]
[Date "2019.11.05"]
[Round "3"]
[White "TST2014"]
[Black "PNEPaul"]
[Result "1-0"]
[WhiteElo "2524"]
[BlackElo "1731"]
[TimeControl "180+2"]
[EndTime "13:32:14 PST"]
[Termination "TST2014 won by resignation"]

1. d4 a6 2. e4 d6 3. f4 g6 4. Nf3 b5 5. a4 b4 6. c3 a5 7. cxb4 axb4 8. Qb3 c5 9. dxc5 dxc5 10. Bc4 e6 11.
O-O Nc6 12. f5 Nd4 13. Nxd4 Qxd4+ 14. Be3 Qxe4 15. Nd2 Qc6 16. Bb5 1-0

[Event "*** Titled Tuesday Blitz"]
[Site "Chess.com"]
[Date "2019.11.05"]
[Round "3"]
[White "IMRosen"]
[Black "wild_cat99"]
[Result "1-0"]
[WhiteElo "2608"]
[BlackElo "2396"]
[TimeControl "180+2"]
[EndTime "13:32:33 PST"]
[Termination "IMRosen won by resignation"]

1. d4 Nf6 2. Bf4 g6 3. Nc3 d5 4.
e3 Bg7 5. h4 c6 6. Nf3 Bg4 7.
Be2 b5 8. Ne5 Bxe2 9. Qxe2 h5 10. O-O-O Nfd7 11. Kb1 a5 12. e4 b4 13. Na4 Nb6 14. Nc5 N6d7 15. Ncxd7 Nxd7 16. Nxc6 Qc8 17. exd5 O-O 18. Nxe7+ 1-0

[Event "*** Titled Tuesday Blitz"]
[Site "Chess.com"]
[Date "2019.11.05"]
[Round "3"]
[White "RainForestt"]
[Black "Joel1285"]
[Result "1-0"]
[WhiteElo "2525"]
[BlackElo "1899"]
[TimeControl "180+2"]
[EndTime "13:34:06 PST"]
[Termination "RainForestt won by resignation"]

1. e4 c5 2. Nf3 Nc6 3. d4 cxd4 4. Nxd4 Nf6 5. Nc3 e5 6. Ndb5 d6 7. Nd5 Nxd5 8. exd5 Nb8 9. Bd3 Be7 10. O-O a6 11.
Nc3 O-O 12. f4 exf4 13. Bxf4 Bg5 14. Bxh7+ Kxh7 15. Qh5+ Bh6 16. Bxh6 gxh6 17. Rxf7+ Rxf7 18. Qxf7+ Kh8 19. Re1 Qb6+ 20. Kh1 Bd7 21. Re7 1-0

[Event "*** Titled Tuesday Blitz"]
[Site "Chess.com"]
[Date "2019.11.05"]
[Round "3"]
[White "vinniethepooh"]
[Black "SidArun"]
[Result "1-0"]
[WhiteElo "2682"]
[BlackElo "2170"]
[TimeControl "180+2"]
[EndTime "13:34:08 PST"]
[Termination "vinniethepooh won by resignation"]

1. d4 Nf6 2. c4 e5 3. dxe5 Ng4 4. Nf3 Bc5 5. e3 Nc6 6. Nc3 Ngxe5 7. Nxe5 Nxe5 8.
Be2 d6 9. O-O Be6 10. b3 a5 11.
Bb2 O-O 12. Kh1 Qh4 13. g3 Qh3 14. Ne4 Ng4 15. Bxg4 Qxg4 16. f3 Qg6 17. Nxc5 dxc5 18. Qe2 Rad8 19. Rad1 a4 20. Be5 axb3 21. axb3 Rc8 22.
e4 f6 23. Bc3 b5 24. f4 bxc4 25. f5 1-0

[Event "*** Titled Tuesday Blitz"]
[Site "Chess.com"]
[Date "2019.11.05"]
[Round "3"]
[White "JustKid"]
[Black "chito89"]
[Result "0-1"]
[WhiteElo "2449"]
[BlackElo "2745"]
[TimeControl "180+2"]
[EndTime "13:34:09 PST"]
[Termination "chito89 won by resignation"]

1. d4 Nf6 2. Bf4 e6 3. e3 c5 4. Nf3 d5 5. c3 Bd6 6. Bg3 O-O 7. Nbd2 Qc7 8. Rc1 Nc6 9. dxc5 Bxg3 10. hxg3 e5 11. Be2 a5 12. Qa4 Bg4 13. Rh4 h5 14. Ng5 e4 15. f3 Qxg3+ 0-1

[Event "*** Titled Tuesday Blitz"]
[Site "Chess.com"]
[Date "2019.11.05"]
[Round "3"]
[White "ahkashefi2800"]
[Black "vanyakuba"]
[Result "0-1"]
[WhiteElo "2187"]
[BlackElo "2401"]
[TimeControl "180+2"]
[EndTime "13:34:25 PST"]
[Termination "vanyakuba won on time"]

1. e4 d5 2. exd5 Qxd5 3. Nc3 Qa5 4. b4 Qxb4 5. Rb1 Qd6 6. Bc4 Nf6 7. Nge2 a6 8. O-O b5 9. Bb3 e6 10. a4 b4 11. Na2 c5 12. d3 Bb7 13. Bf4 Qc6 14. f3 Nbd7 15. Re1 Bd6 16. Bg3 h5 0-1

[Event "*** Titled Tuesday Blitz"]
[Site "Chess.com"]
[Date "2019.11.05"]
[Round "3"]
[White "DanielNaroditsky"]
[Black "Barcelona_Guy"]
[Result "1-0"]
[WhiteElo "2975"]
[BlackElo "2745"]
[TimeControl "180+2"]
[EndTime "13:34:28 PST"]
[Termination "DanielNaroditsky won by resignation"]

1. Nf3 d5 2. g3 Nf6 3. Bg2 c5 4.
O-O Nc6 5. d4 cxd4 6. Nxd4 e5 7.
Nxc6 bxc6 8. c4 Be6 9. cxd5 cxd5 10. Nc3 Qd7 11. Bg5 Rd8 12. e4 d4 13. Bxf6 gxf6 14. Nd5 Bg7 15. Rc1 Bxd5 16. exd5 f5 17. Qh5 O-O 18. Bh3 Qxd5 19. Bxf5 h6 20. Qg4 Qxa2 21.
Rc6 Rfe8 22. Rxh6 d3 23. Rh7 1-0

[Event "*** Titled Tuesday Blitz"]
[Site "Chess.com"]
[Date "2019.11.05"]
[Round "3"]
[White "Svet99"]
[Black "adricalderon8"]
[Result "0-1"]
[WhiteElo "2150"]
[BlackElo "2355"]
[TimeControl "180+2"]
[EndTime "13:34:41 PST"]
[Termination "adricalderon8 won by resignation"]

1. c4 e5 2. Nc3 Nf6 3. g3 Bb4 4. Nd5 Bc5 5. Bg2 d6 6. e3 O-O 7. Ne2 a6 8. O-O Re8 9. a3 c6 10. Nxf6+ Qxf6 11. b4 Ba7 12. Bb2 Bg4 13. f3 Bf5 14. f4 Qg6 15. fxe5 dxe5 16. c5 Nd7 17. Qb3 Rad8 18. e4 Be6 19. Qe3 Nf6 20. Rxf6 Qxf6 21. Rf1 Qe7 22. Bxe5 Bb8 23. Bxb8 Rxb8 24. d4 Rbd8 25.
Rf2 Qd7 26. Qc3 Bg4 27. Bf3 Bxf3 28. Qxf3 f6 29. Qf4 Qe6 30. Qc7 Rd7 31. d5 Rxc7 32. dxe6 Rxe6 33. Nc3 Rd7 34. Re2 Rd3 0-1

[Event "*** Titled Tuesday Blitz"]
[Site "Chess.com"]
[Date "2019.11.05"]
[Round "3"]
[White "ChessBitl"]
[Black "Zq1"]
[Result "0-1"]
[WhiteElo "2348"]
[BlackElo "2603"]
[TimeControl "180+2"]
[EndTime "13:34:47 PST"]
[Termination "Zq1 won by resignation"]

1. e4 c5 2. Nf3 d6 3. d4 cxd4 4. Nxd4 Nf6 5. f3 a6 6. c4 e6 7. Nc3 Be7 8. Be3 O-O 9. Qd2 b6 10. Be2 Bb7 11. O-O Nbd7 12. Rfd1 Qc7 13. Rac1 Rac8 14.
b4 Qb8 15. Nb3 Bd8 16. a3 Bc7 17. Bf4 Ne5 18. Bxe5 dxe5 19. c5 Nh5 20. Qe3 b5 21. a4 bxa4 22. Nxa4 Nf4 23. Nc3 Nxe2+ 24. Qxe2 Bc6 25.
Qxa6 Qxb4 26. Qxc6 Qxb3 27. Nb5 Ba5 28. Qa6 Rxc5 29.
Qxa5 Rxc1 30. Rxc1 Qe3+ 31. Kf1 Qxc1+ 32. Kf2 Qc5+ 33.
Kg3 Rb8 34. Qc7 Qxb5 0-1